 Dungeon Crawl Stone Soup version 0.21-a0-88-g13b9641 (webtiles) character file.

1383 sagitran the Fighter (level 8, -1/69 HPs)
             Began as a Gnoll Wanderer on June 27, 2017.
             Was a Follower of Wu Jian.
             Slain by a gnoll sergeant
             ... wielding a +0 trident
              (8 damage)
             ... on level 7 of the Dungeon.
             The game lasted 00:41:27 (5467 turns).

sagitran the Fighter (Gnoll Wanderer)               Turns: 5467, Time: 00:41:27

Health: -1/69      AC: 10    Str: 12    XL:     8   Next: 67%
Magic:  7/8        EV: 13    Int: 12    God:    Wu Jian [*.....]
Gold:   368        SH:  0    Dex: 15    Spells: 6/7 levels left

rFire    . . .     SeeInvis .   x - +2 flail (holy)
rCold    . . .     Gourm    .   (no shield)
rNeg     . . .     Faith    .   b - +1 ring mail
rPois    .         Spirit   .   (no helmet)
rElec    .         Reflect  .   (no cloak)
rCorr    .         Harm     .   B - +2 pair of gloves
MR       .....                  (no boots)
Stlth    ++........             (no amulet)
HPRegen  0.21/turn              (no ring)
MPRegen  0.11/turn              (no ring)

@: very slightly contaminated
A: short attention span, fangs 1, strong nose
a: Renounce Religion


You were on level 7 of the Dungeon.
You worshipped Wu Jian.
Wu Jian was aware of your devotion.
You were not hungry.

You visited 2 branches of the dungeon, and saw 8 of its levels.

You collected 368 gold pieces.

Inventory:

Hand Weapons
 l - a +3 hunting sling
 x - a +2 flail of holy wrath (weapon)
 A - a +0 falchion
 F - a +1 short sword of venom
 M - a +0 trident
Missiles
 e - 178 stones (quivered)
 i - 38 poisoned needles
 o - 8 javelins
 I - 2 exploding tomahawks
 J - 7 tomahawks
Armour
 b - a +1 ring mail (worn)
 B - a +2 pair of gloves (worn)
Magical Staves
 s - an uncursed staff of fire {unknown}
 K - an uncursed staff of death {unknown}
Jewellery
 H - an uncursed ring of wizardry {unknown}
Wands
 u - a wand of polymorph (12/24)
 D - a wand of polymorph (5/24)
Scrolls
 f - 6 scrolls of remove curse
 k - a scroll of random uselessness {unknown}
 n - a scroll of fog {unknown}
 G - a scroll of immolation {unknown}
Potions
 c - a potion of curing
 h - a potion of berserk rage
 j - a potion of resistance {unknown}
 m - 2 potions of cancellation {unknown}
 p - a potion of magic {unknown}
 r - 2 potions of flight {unknown}
 v - a potion of heal wounds {unknown}
 w - a potion of haste
 z - a potion of lignification {unknown}
 C - 2 potions of ambrosia
 E - 2 potions of might
Books
 y - a book of Flames

   Spells                             Type                      Level
   a - Flame Tongue                   Conjuration/Fire             1
   b - Throw Flame                    Conjuration/Fire             2
   c - Conjure Flame                  Conjuration/Fire             3
   d - Inner Flame                    Hexes/Fire                   3
   e - Sticky Flame                   Conjuration/Fire             4
   f - Fireball                       Conjuration/Fire             5
Comestibles
 d - 5 bread rations
 g - 4 meat rations
 t - a royal jelly


   Skills:
 + Level 8.6 Fighting
   Level 8.1 Axes
 + Level 0.4(5.8) Maces & Flails
 + Level 4.1(4.9) Slings
 + Level 3.7(4.6) Throwing
 + Level 6.8 Armour
 + Level 4.7 Dodging
 + Level 3.6 Stealth
   Level 1.7 Shields
 + Level 2.1 Unarmed Combat
 + Level 1.4 Conjurations


You had 6 spell levels left.
You knew the following spells:

 Your Spells              Type           Power        Failure   Level  Hunger
a - Flame Tongue          Conj/Fire      #....        45%         1    ##.....


Dungeon Overview and Level Annotations

Branches:
Dungeon (7/15)             Temple (1/1) D:4

Altars:
Ashenzari
Cheibriados
Dithmenos
Elyvilon
Fedhas
Gozag
Hepliaklqana
Kikubaaqudgha
Makhleb
Nemelex Xobeh
Okawaru
Qazlal
Ru
Sif Muna
Trog
Uskayaw
Vehumet
Wu Jian
Xom
Yredelemnul
Zin
The Shining One


Innate Abilities, Weirdness & Mutations

You have a short attention span.
You have very sharp teeth.
Your uncanny sense of smell can sniff out nearby items.


Message History

You are very lightly contaminated with residual magic.
Your skin tingles.
The sentinel's mark upon you fades away.
The hound bites you but does no damage.
The gnoll sergeant hits you from afar with a trident.
* * * LOW HITPOINT WARNING * * *
The gnoll barely misses you. The hound bites you but does no damage.
Okay, then.
You hit the hound but do no damage.
The hound is heavily wounded.
The hound bites you.
* * * LOW HITPOINT WARNING * * *
The hound barely misses you. The hound closely misses you.
You hit the hound.
The hound is heavily wounded.
The hound bites you but does no damage. The hound misses you.
The hound completely misses you.
The gnoll sergeant hits you from afar with a trident!
You die...

########. #....##.....
#........ ##.)###.#.#
....## ##g#.)...# #....#
#...#...#
#....##########g.#...####
#.....†.....# #.g#......#
#...).))....# ##g##..##.#
#.#'#)).....# #h##.....#
#.#.#.......# #@....####
#...#.......# #..#..#
#####.......# ##....#
#...........# #.##.#
#.###.......# #.##.#
.....#'##########..#.#####
#.##.#.# #...........#
#.##.#.#######.##..#.###.
#....#................<#.#


You could see a gnoll sergeant, a hound and 3 gnolls.

Vanquished Creatures
  A hungry ghost (D:7)
  An ice beast (D:7)
  The ghost of sagitran the Ducker, an amateur GnWn (D:3)
  An ogre (D:5)
  A bullfrog (D:6)
  2 scorpions
  A howler monkey (D:6)
  A centaur zombie (D:7)
  A bullfrog skeleton (D:6)
  6 orc priests
  2 hounds (D:6)
  An orc wizard (D:5)
  Ijyb (D:3)
  Natasha (thrice) (D:3)
  2 worker ants
  A hound skeleton (D:6)
  A howler monkey skeleton (D:4)
  3 adders (D:2)
  A gnoll (D:7)
  A shadow imp (D:6)
  2 oozes (D:1)
  An adder skeleton (D:6)
  A worm (D:2)
  3 dart slugs
  4 leopard geckos
  22 orcs
  A ball python (D:2)
  A giant cockroach (D:3)
  7 goblins
  11 hobgoblins
  12 kobolds
  3 quokkas
  6 bats
  4 frilled lizards
  A jackal skeleton (D:5)
  A leopard gecko zombie (D:7)
  2 quokka skeletons
  3 rats
117 creatures vanquished.

Vanquished Creatures (others)
  An ice beast (D:6)
  A crimson imp (D:6)
  An orc wizard (D:7)
  A worker ant (D:7)
  An adder (D:4)
  A worm (D:3)
  An orc (D:5)
  A giant cockroach (D:6)
  A kobold (D:6)
9 creatures vanquished.

Grand Total: 126 creatures vanquished

Notes
Turn   | Place    | Note
-------+----------+-------------------------------------------
     0 | D:1      | sagitran the Gnoll Wanderer began the quest for the Orb.
     0 | D:1      | sagitran set off with: a +2 hand axe, a +0 ring mail, a potion of curing, a bread ration
     0 | D:1      | Reached XP level 1. HP: 24/24 MP: 1/1
   205 | D:1      | Reached XP level 2. HP: 29/31 MP: 2/2
   560 | D:1      | Reached XP level 3. HP: 37/37 MP: 3/3
   691 | D:2      | Reached skill level 1 in Slings
   872 | D:2      | Found an iron altar of Okawaru.
  1043 | D:2      | Reached XP level 4. HP: 42/44 MP: 4/4
  1613 | D:3      | Noticed Natasha
  1622 | D:3      | Killed Natasha
  1622 | D:3      | Noticed Natasha
  1627 | D:3      | Killed Natasha
  1627 | D:3      | Reached XP level 5. HP: 40/49 MP: 5/5
  1730 | D:3      | Reached skill level 1 in Dodging
  1780 | D:3      | Noticed Ijyb
  1847 | D:3      | Reached skill level 1 in Stealth
  1858 | D:3      | Noticed sagitran's ghost (amateur GnWn)
  1882 | D:3      | Killed Ijyb
  1882 | D:3      | Reached skill level 5 in Axes
  1906 | D:3      | Killed sagitran's ghost
  1906 | D:3      | Reached XP level 6. HP: 32/56 MP: 6/6
  1955 | D:3      | Found a sparkling altar of Nemelex Xobeh.
  2148 | D:3      | Noticed Natasha
  2151 | D:3      | Killed Natasha
  2228 | D:3      | Reached skill level 5 in Armour
  2234 | D:3      | Reached skill level 1 in Unarmed Combat
  2301 | D:4      | Learned a level 1 spell: Flame Tongue
  2359 | D:4      | Found a basalt altar of Yredelemnul.
  2360 | D:4      | Found a stormy altar of Qazlal.
  2502 | D:4      | Found a staircase to the Ecumenical Temple.
  2628 | D:4      | Found a shadowy altar of Dithmenos.
  2810 | Temple   | Entered the Ecumenical Temple
  2932 | Temple   | Became a worshipper of the Wu Jian Council
  3062 | D:5      | Entered Level 5 of the Dungeon
  3186 | D:5      | Reached XP level 7. HP: 62/62 MP: 7/7
  3875 | D:4      | Found a sparkling altar of Nemelex Xobeh.
  4331 | D:6      | Reached XP level 8. HP: 32/68 MP: 8/8
  4991 | D:7      | Reached * piety under Wu Jian
  4991 | D:7      | Reached skill level 1 in Conjurations
  5275 | D:7      | Paralysed by fainting for 11 turns
  5467 | D:7      | Slain by a gnoll sergeant

Vault maps used:
D:1:      minmay_arrival_split_and_join, minmay_quantized
D:2:      okawaru_metal_pillars_3
D:3:      nemelex_xobeh_ov_fountains_minmay, uniq_natasha, uniq_ijyb
D:4:      nicolae_overflow_hidden_temple, temple_statues, first_bread
D:7:      basic_altar, grunt_livestock
Temple:   regret_index_temple_mists

Skill      XL: |  1  2  3  4  5  6  7  8 |
---------------+-------------------------+-----
Armour         | 2 3 4 5 6 |  6.8
Slings         | 2 3 4 |  4.1
Axes           | 4 5 6 7 8 |  8.1
Dodging        | 1 2 4 |  4.7
Stealth        | 1 2 3 |  3.6
Fighting       | 8 |  8.6
Throwing       | 2 3 |  3.7
Unarmed Combat | 1 2 |  2.1
Conjurations   | 1 |  1.4
Maces & Flails | |  0.4
Shields        | |  1.7

Action                   |  1- 3 |  4- 6 |  7- 9 || total
-------------------------+-------+-------+-------++-------
Melee: Hand axe          |    59 |    97 |   112 ||   268
       Bite              |     8 |     5 |    11 ||    24
       Spear             |     1 |       |       ||     1
       Unarmed           |       |    12 |       ||    12
       Punch             |       |     1 |       ||     1
       Flail             |       |       |    21 ||    21
 Fire: Hunting sling     |    27 |       |       ||    27
Throw: Stone             |     3 |     9 |    18 ||    30
 Cast: Flame Tongue      |       |       |     4 ||     4
  Use: Scroll            |       |     7 |     1 ||     8
       Potion            |       |       |     5 ||     5
 Stab: Sleeping          |       |       |     1 ||     1
  Eat: Bread ration      |       |     3 |     1 ||     4
Armor: Ring mail         |    36 |    30 |    70 ||   136
Dodge: Dodged            |    53 |    53 |   106 ||   212
